 Dungeon Crawl Stone Soup version 0.31.0-1-g2c135a0 (webtiles) character file.

Game seed: 3021965074561687862

7719 samurai2 the Grappler (level 11, 0/105 HPs)
             Began as a Troll Fighter on Apr 10, 2024.
             Was a Follower of Wu Jian.
             Slain by a sixfirhy (9 damage)
             ... on level 9 of the Dungeon.
             The game lasted 00:37:48 (8397 turns).

samurai2 the Grappler (Troll Fighter)               Turns: 8397, Time: 00:37:49

Health: 0/105      AC:  6    Str: 25    XL:     11   Next: 0%
Magic:  0/14       EV: 12    Int:  3    God:    Wu Jian [*.....]
Gold:   577        SH: 10    Dex: 17    Spells: 4/16 levels left

rFire   . .          .
                       - Unarmed
rCold   . . .        b - +0 kite shield
rNeg    . . .        a - +0 robe
rPois   .            (helmet restricted)
rElec   .            C - +1 cloak
rCorr   .            (gloves unavailable)
SInv    +            (boots unavailable)
Will    .....        M - amulet of guardian spirit
Stlth   ++           f - ring of wizardry
HPRegen 1.17/turn    k - ring of wizardry
MPRegen 0.14/turn

%: guardian spirit, wizardry (x2)
@: no status effects
A: large, unfitting armour, claws 3, regeneration 1, shaggy fur 1, tough skin 1,
see invisible, agile 1
a: Renounce Religion


You were on level 9 of the Dungeon.
You worshipped Wu Jian.
Wu Jian was aware of your devotion.
You visited 2 branches of the dungeon, and saw 10 of its levels.
You also visited: Sewer.

You collected 577 gold pieces.

Inventory:

Missiles
 p - 17 boomerangs
 q - 62 stones
 r - 33 poisoned darts
 x - a curare-tipped dart
 J - 4 silver javelins
Armour
 a - a +0 robe (worn)
 b - a +0 kite shield (worn)
 u - a +0 cloak
 C - a +1 cloak (worn)
Jewellery
 c - a ring of fire
 f - a ring of wizardry (left claw)
 k - a ring of wizardry (right claw)
 M - an amulet of guardian spirit (around neck)
Talismans
 n - a beast talisman
 F - a serpent talisman
Wands
 B - a wand of mindburst (15)
 G - a wand of paralysis (6)
 H - a wand of quicksilver (8) (quivered)
 K - a wand of flame (8)
Scrolls
 h - 2 scrolls of immolation
 j - 3 scrolls of fog
 l - 2 scrolls of enchant weapon
 m - 4 scrolls of teleportation
 t - 5 scrolls of revelation
 v - a scroll of silence
 y - a scroll of enchant armour
 I - a scroll of vulnerability
Potions
 d - 2 potions of curing
 e - 7 potions of mutation
 g - 3 potions of haste
 i - 3 potions of attraction
 o - 2 potions of brilliance
 s - 2 potions of magic
 z - a potion of resistance
 A - a potion of invisibility
 E - a potion of cancellation
 L - a potion of heal wounds


   Skills:
 + Level 6.1 Fighting
 + Level 6.2 Dodging
 + Level 6.6 Shields
 * Level 9.6 Unarmed Combat
 - Level 3.3 Spellcasting
 + Level 4.5 Translocations


You had 4 spell levels left.
You knew the following spells:

 Your Spells              Type           Power      Damage    Failure   Level
a - Blink                 Tloc           6%         N/A       5%          2
b - Summon Ice Beast      Ice/Summ       0%         N/A       52%         3
c - Momentum Strike       Conj/Tloc      2%         3d8       13%         2
d - Lesser Beckoning      Tloc           6%         N/A       5%          2
e - Gell's Gravitas       Tloc           3%         N/A       11%         3

Your spell library contained the following spells:

 Spells                   Type           Power      Damage    Failure   Level
 Teleport Other           Tloc           3%         N/A       11%         3
 Shock                    Conj/Air       0%         1d3       22%         1
 Slow                     Hex            0%         N/A       22%         1
 Scorch                   Fire           0%         2d5       32%         2
 Ozocubu's Armour         Ice            0%         N/A       52%         3
 Swiftness                Air            0%         N/A       52%         3
 Airstrike                Air            0%         2d(0-16)  88%         4
 Animate Dead             Necr           0%         N/A       88%         4
 Flame Wave               Conj/Fire      0%         2d4       88%         4
 Metabolic Englaciation   Hex/Ice        0%         N/A       99%         5
 Summon Mana Viper        Hex/Summ       0%         N/A       99%         5
 Sculpt Simulacrum        Ice/Alch       0%         N/A       100%        6
 Summon Cactus Giant      Summ           0%         N/A       100%        6
 Haunt                    Necr/Summ      0%         N/A       100%        7
 Monstrous Menagerie      Summ           0%         N/A       100%        7
 Infestation              Necr           0%         N/A       100%        8


Dungeon Overview and Level Annotations

Branches:
Dungeon (9/15)             Temple (1/1) D:7           Sewer (visited)
   Lair: D:8-11         Orc: D:9-12

Altars:
Ashenzari
Cheibriados
Dithmenos
Elyvilon
Fedhas
Gozag
Hepliaklqana
Kikubaaqudgha
Makhleb
Nemelex Xobeh
Okawaru
Qazlal
Sif Muna
Trog
Uskayaw
Vehumet
Wu Jian
Xom
Yredelemnul
Zin
The Shining One

Shops:
D:5 ?(=[*!


Innate Abilities, Weirdness & Mutations

You are too large for most types of armour.
You have claws for hands.
Your natural rate of healing is unusually fast.
You are covered in fur. (AC +1)
You have tough skin. (AC +1)
You have supernaturally acute eyesight. (SInv)
You are agile. (Dex +4, Str/Int -1)


Message History

The Council accepts your kill.
You have reached level 11!
Found a runed translucent door.
Found a burning altar of Makhleb.
You open the door.
You lunge at the sixfirhy.
You barely miss the sixfirhy.
You block the sixfirhy's attack. x2; The sixfirhy closely misses you.
The sixfirhy hits you but does no damage.
There is an open translucent door here.
You scratch the sixfirhy but do no damage.
The sixfirhy closely misses you.
The sixfirhy hits you but does no damage.
You block the sixfirhy's attack. The sixfirhy hits you.
The sixfirhy shocks you!
You miss the sixfirhy. You miss the sixfirhy. You scratch the sixfirhy.
The sixfirhy is lightly wounded.
The sixfirhy hits you. The sixfirhy shocks you!
You closely miss the sixfirhy. You block the sixfirhy's attack.
The sixfirhy hits you. The sixfirhy shocks you! The sixfirhy hits you!
The sixfirhy shocks you!
You closely miss the sixfirhy. The sixfirhy hits you! The sixfirhy shocks you!
The sixfirhy barely misses you. The sixfirhy hits you. The sixfirhy shocks you!
* * * LOW HITPOINT WARNING * * *
The sixfirhy barely misses you.
You barely miss the sixfirhy. You miss the sixfirhy.
You closely miss the sixfirhy. The sixfirhy misses you.
You closely miss the sixfirhy. The sixfirhy hits you.
* * * LOW HITPOINT WARNING * * *
The sixfirhy shocks you!
* * * LOW HITPOINT WARNING * * *
You block the sixfirhy's attack. x3
You scratch the sixfirhy.
The sixfirhy is lightly wounded.
The sixfirhy barely misses you. The sixfirhy hits you!
* * * LOW HITPOINT WARNING * * *
The sixfirhy shocks you!
You die...

#........#......)
####........#.......
#...........########
#.................).
#............#######
#............#
#.###.#####..#
#.#3#.# #..# #.#@#.#
#..# #.....# #..#
#...### #..# #......
...# #........
#####..... .....
..... ...#


You could see a sixfirhy.

Vanquished Creatures
  Pikel (D:7)
  4 centaur zombies (D:7)
  A troll (D:9)
  A harpy zombie (D:7)
  A hellwing (D:7)
  A shadow (D:6)
  6 yaks (D:9)
  An acid dragon (D:9)
  3 water moccasins
  Duvessa (D:4)
  4 orc warriors
  3 ice beasts
  2 ogres (D:6)
  3 centaurs
  2 lemures (D:7)
  3 kobold brigands
  A bullfrog (D:6)
  A gnoll sergeant (D:8)
  8 scorpions
  12 wights
  Dowan (D:4)
  6 howler monkeys
  4 orc priests
  2 jellies (D:6)
  3 hounds
  4 iguanas
  A sleepcap (D:8)
  Natasha (thrice) (D:2)
  3 orc wizards
  12 gnolls
  10 adders
  6 river rats
  5 shadow imps (D:7)
  A white imp (D:6)
  5 ufetubi (D:6)
  2 dart slugs
  3 ribbon worms
  21 orcs
  11 ball pythons
  2 bats (D:1)
  8 endoplasms
  6 giant cockroaches
  7 goblins
  8 hobgoblins
  6 jackals
  22 kobolds
  2 quokkas
  2 frilled lizards
  7 rats
232 creatures vanquished.

Vanquished Creatures (others)
  An ufetubus (D:6)
  A kobold (D:6)
2 creatures vanquished.

Grand Total: 234 creatures vanquished

Notes
Turn   | Place    | Note
-------+----------+-------------------------------------------
     0 | D:1      | samurai2 the Troll Fighter began the quest for the Orb.
     0 | D:1      | Reached XP level 1. HP: 22/22 MP: 0/0
   211 | D:1      | Reached XP level 2. HP: 29/29 MP: 1/1
  1111 | D:2      | Noticed Natasha
  1121 | D:2      | Killed Natasha
  1122 | D:2      | Reached skill level 3 in Unarmed Combat
  1122 | D:2      | Reached XP level 3. HP: 17/36 MP: 2/2
  1164 | D:2      | Noticed Natasha
  1178 | D:2      | Killed Natasha
  1179 | D:2      | Reached XP level 4. HP: 10/44 MP: 3/3
  1288 | D:2      | Noticed Natasha
  1295 | D:2      | Killed Natasha
  1522 | D:2      | Reached XP level 5. HP: 51/53 MP: 4/4
  1759 | D:2      | Gained mutation: You are agile. (Dex +4, Str/Int -1)
                  | [potion of mutation]
  1759 | D:2      | Gained mutation: You have supernaturally acute eyesight.
                  | (SInv) [potion of mutation]
  1814 | D:3      | Found a white marble altar of Elyvilon.
  1842 | D:3      | Learned a level 2 spell: Blink
  1944 | D:3      | Found a faded altar of an unknown god.
  2031 | D:3      | Got Plato's Grimoire of the Sphinx
  2640 | D:4      | Reached skill level 4 in Unarmed Combat
  2640 | D:4      | Reached XP level 6. HP: 59/61 MP: 5/5
  2718 | D:4      | Reached skill level 1 in Translocations
  2780 | D:4      | Found a glowing golden altar of the Shining One.
  2834 | D:4      | Reached XP level 7. HP: 67/67 MP: 7/7
  2866 | D:4      | Found a glowing drain.
  2883 | Sewer    | Entered a sewer
  2890 | Sewer    | Reached skill level 1 in Spellcasting
  3082 | Sewer    | Reached skill level 5 in Unarmed Combat
  3343 | D:4      | Noticed Duvessa
  3413 | D:4      | Noticed Dowan
  3428 | D:4      | Killed Duvessa
  3442 | D:4      | Killed Dowan
  3736 | D:5      | Entered Level 5 of the Dungeon
  3772 | D:5      | Found Itattep's Magic Scroll Emporium.
  4060 | D:5      | Found an opulent altar of Gozag.
  4064 | D:5      | Found Gozag's Platinum Reserve.
  4128 | D:5      | Reached XP level 8. HP: 46/78 MP: 9/9
  4207 | D:5      | Found Vebb's Distillery.
  4272 | D:5      | Found Fukhicw's Armour Shoppe.
  4318 | D:5      | Found Cuwkoar's Jewellery Emporium.
  4395 | D:5      | Reached skill level 6 in Unarmed Combat
  4396 | D:5      | Found Ylurgh's Weapon Boutique.
  5264 | D:6      | Reached XP level 9. HP: 74/85 MP: 11/11
  5644 | D:6      | Reached skill level 5 in Shields
  5650 | D:6      | Paralysed by an orc for 2 turns
  5689 | D:6      | Reached skill level 7 in Unarmed Combat
  5819 | D:6      | Learned a level 3 spell: Summon Ice Beast
  5822 | D:6      | Learned a level 2 spell: Momentum Strike
  5825 | D:6      | Learned a level 2 spell: Lesser Beckoning
  5829 | D:6      | Learned a level 3 spell: Gell's Gravitas
  5864 | D:7      | Noticed a hellwing
  5880 | D:7      | Killed a hellwing
  5903 | D:7      | Reached skill level 5 in Fighting
  5903 | D:7      | Reached skill level 5 in Dodging
  5921 | D:7      | HP: 4/88 [centaur warrior zombie (8)]
  5930 | D:7      | Reached skill level 8 in Unarmed Combat
  5935 | D:7      | Reached XP level 10. HP: 45/96 MP: 13/13
  6376 | D:7      | Found a staircase to the Ecumenical Temple.
  6394 | D:7      | Noticed Pikel
  6421 | D:7      | Killed Pikel
  6617 | Temple   | Entered the Ecumenical Temple
  6661 | Temple   | Became a worshipper of the Wu Jian Council
  7077 | D:8      | Found a shadowy altar of Dithmenos.
  7698 | D:9      | Found a radiant altar of Vehumet.
  7729 | D:9      | Reached skill level 9 in Unarmed Combat
  7919 | D:9      | Reached * piety under Wu Jian
  8289 | D:9      | Found a basalt altar of Yredelemnul.
  8358 | D:9      | Reached XP level 11. HP: 103/105 MP: 14/14
  8382 | D:9      | Found a runed translucent door.
  8383 | D:9      | Found a burning altar of Makhleb.
  8383 | D:9      | Noticed a sixfirhy
  8397 | D:9      | Slain by a sixfirhy

Illustrated notes

Levels and vault maps discovered:
D:1:      minmay_arrival_doors, layout_loops_corners, minmay_misc_feat_room,
          minmay_statues_item, minmay_liquid_box,
          chequers_serial_rivers_large_a, serial_bayou_ford_a, minmay_circled_x
D:2:      layout_rooms, grunt_ministairs_7, uniq_natasha
D:3:      layout_loops_ring, elyvilon_altar_5,
          shapermc_ecumenical_altar_rom_forum
D:4:      layout_cave_pools, tso_altar, portal_sewer_entry_e, uniq_duvessa
D:5:      nicolae_cairo_tiling_large, layout_loops_ring,
          nicolae_gozag_zags_fifth_avenue, serial_shops, shop, shop,
          nicolae_shop_back_alley_shop, shop_statue, shop
D:6:      layout_loops_ring, grunt_potential
D:7:      cheibrodos_grave_circle, layout_loops_ring, st_stairs_1, hex_tiny,
          uniq_pikel
D:8:      layout_cave_pools, nicolae_overflow_crystal_walls,
          grunt_decor_resistance, minmay_misc_feat_plants
D:9:      layout_irregular_city, nzn_makhleb_speed_demon,
          mainiacjoe_overflow_boulevard, marbit_many_paths
Temple:   eino_temple_lava

Skill      XL: |  1  2  3  4  5  6  7  8  9 10 |
---------------+-------------------------------+-----
Shields        | 3 4 5 6 |  6.6
Unarmed Combat | 3 4 5 6 8 9 |  9.6
Fighting       | 3 4 5 6 |  6.1
Dodging        | 3 4 5 6 |  6.2
Translocations | 1 2 3 4 |  4.5
Spellcasting   | 1 2 3 |  3.3

Action                     |  1- 3 |  4- 6 |  7- 9 | 10-12 || total
---------------------------+-------+-------+-------+-------++-------
  Melee: Unarmed           |    71 |   118 |   317 |   221 ||   727
  Throw: Stone             |       |     1 |       |       ||     1
         Boomerang         |       |     7 |     6 |       ||    13
         Dart              |       |       |    17 |     1 ||    18
   Cast: Momentum Strike   |       |       |       |     1 ||     1
Ability: Whirlwind         |       |       |       |    19 ||    19
         Lunge             |       |       |       |    11 ||    11
  Evoke: Wand              |       |       |       |    11 ||    11
    Use: Potion            |       |     4 |     6 |     1 ||    11
         Scroll            |       |     2 |     6 |     6 ||    14
   Stab: Distracted        |       |     1 |       |       ||     1
         Sleeping          |       |       |     2 |       ||     2
         Invisible         |       |       |     1 |       ||     1
 Armour: Robe              |    54 |    51 |   186 |   136 ||   427
  Dodge: Dodged            |    23 |    37 |   127 |    99 ||   286
  Block: Kite shield       |    22 |    45 |   165 |   146 ||   378
